 Dungeon Crawl Stone Soup version 0.29-a0-1008-g949cc1d0fb (webtiles) character file.

Game seed: 11749905376985143084

24 Klosterheim the Shooter (level 3, -6/22 HPs)
             Began as a Kobold Hunter on Aug 7, 2022.
             Mangled by Terence
             ... wielding a +3 flail
              (7 damage)
             ... on level 2 of the Dungeon.
             The game lasted 00:03:01 (1510 turns).

Klosterheim the Shooter (Kobold Hunter)             Turns: 1510, Time: 00:03:02

Health: -6/22      AC:  3    Str:  6 (8)  XL:     3   Next: 15%
Magic:  3/3        EV: 14    Int:  7 (10) God:
Gold:   22         SH:  0    Dex: 19 (20) Spells: 2/2 levels left

rFire   . . .      SeeInvis .   a - +1 shortbow
rCold   . . .      Faith    .   (shield currently unavailable)
rNeg    . . .      Spirit   .   c - +0 leather armour
rPois   .          Reflect  .   (no helmet)
rElec   .          Harm     .   (no cloak)
rCorr   .          Rampage  .   (no gloves)
Will    .....                   (no boots)
Stlth   +++.......              (no amulet)
HPRegen 0.07/turn               (no ring)
MPRegen 0.08/turn               (no ring)

@: brilliant
A: small, no large weapons, nightstalker 3
a: no special abilities


You were on level 2 of the Dungeon.
You visited 1 branch of the dungeon, and saw 2 of its levels.

You collected 22 gold pieces.

Inventory:

Hand Weapons
 a - a +1 shortbow (weapon)
Armour
 c - a +0 leather armour (worn)
Jewellery
 d - an amulet of faith
Scrolls
 b - a scroll of immolation
Potions
 i - a potion of degeneration


   Skills:
 + Level 2.6 Fighting
 + Level 5.6 Ranged Weapons
 + Level 2.9 Dodging
 + Level 2.3 Stealth


You had 2 spell levels left.
You didn't know any spells.
Your spell library was empty.

Dungeon Overview and Level Annotations

Branches:
Dungeon (2/15)

Altars:

Annotations:
D:2 Robin, Terence


Innate Abilities, Weirdness & Mutations

You are small and have problems with some larger weapons.
You are completely attuned to the shadows.


Message History

Fire: a) +1 shortbow
Press: ? - help, Q - select action Shift-Dir - straight line, f/p - Terence
Aim: Terence, wielding a +3 flail and wearing a +0 scale mail (69% to hit)
You shoot an arrow. The arrow hits Terence.
Terence is lightly wounded.
Terence hits you with a +3 flail. Terence closely misses you.
Fire: a) +1 shortbow
Press: ? - help, Q - select action Shift-Dir - straight line, f/p - Terence
Aim: Terence, wielding a +3 flail and wearing a +0 scale mail (lightly wounded, 69% to hit)
You shoot an arrow. The arrow hits Terence.
Terence is moderately wounded.
Terence hits you with a +3 flail!
It was a potion of brilliance.
You feel clever all of a sudden. Terence closely misses you.
The rat barely misses you.
Fire: a) +1 shortbow
Press: ? - help, Q - select action Shift-Dir - straight line, f/p - Terence
Aim: Terence, wielding a +3 flail and wearing a +0 scale mail (moderately wounded, 69% to hit)
You shoot an arrow. The arrow hits Terence.
Terence is heavily wounded.
Terence hits you with a +3 flail.
* * * LOW HITPOINT WARNING * * *
The rat misses you.
Fire: a) +1 shortbow
Press: ? - help, Q - select action Shift-Dir - straight line, f/p - Terence
Aim: Terence, wielding a +3 flail and wearing a +0 scale mail (heavily wounded, 69% to hit)
You shoot an arrow. The arrow hits Terence.
Terence is severely wounded.
The rat bites you.
* * * LOW HITPOINT WARNING * * *
Terence barely misses you.
Fire: a) +1 shortbow
Press: ? - help, Q - select action Shift-Dir - straight line, f/p - Terence
Aim: Terence, wielding a +3 flail and wearing a +0 scale mail (severely wounded, 69% to hit)
You shoot an arrow. The arrow hits Terence.
Terence is almost dead.
The rat bites you.
* * * LOW HITPOINT WARNING * * *
Terence hits you with a +3 flail!
You die...

##.#.#
#(.#....##.#
#........#..
...........
#..r.@<..#
.#@...##
##)#.##
..##..>.###
...........
........###
>..###......
...
...###.###.#
#.#
....[.|###.#
#.#
.........#
#.#


You could see Terence and a rat.

Vanquished Creatures
  A dart slug (D:2)
  An orc (D:1)
  2 endoplasms (D:1)
  8 goblins
  2 hobgoblins
  A quokka (D:1)
  2 ball pythons (D:1)
  A kobold (D:1)
18 creatures vanquished.

Notes
Turn   | Place    | Note
-------+----------+-------------------------------------------
     0 | D:1      | Klosterheim the Kobold Hunter began the quest for the Orb.
     0 | D:1      | Reached XP level 1. HP: 12/12 MP: 1/1
   315 | D:1      | Reached XP level 2. HP: 18/18 MP: 2/2
   865 | D:1      | Noticed a smoke demon
   869 | D:1      | Found a faded altar of an unknown god.
   997 | D:2      | Noticed Robin
  1100 | D:2      | Noticed Terence
  1143 | D:2      | Reached XP level 3. HP: 17/22 MP: 3/3
  1510 | D:2      | HP: 1/22 [rat (1)]
  1510 | D:2      | Mangled by Terence

Illustrated notes

Levels and vault maps discovered:
D:1:      arrival_zaba_pyramid, layout_loops_ring,
          dreamdust_ecumenical_altar_sealed_demon, minivault_5
D:2:      layout_loops_ring, basic_altar, minmay_misc_feat_cross, uniq_robin,
          uniq_terence

Skill      XL: |  1  2 |
---------------+-------+-----
Stealth        | 2 |  2.3
Fighting       | |  2.6
Ranged Weapons | |  5.6
Dodging        | |  2.9

Action                   || total
-------------------------++-------
 Fire: Shortbow          ||    51
  Use: Scroll            ||     5
       Potion            ||     2
Armor: Leather armour    ||     2
Dodge: Dodged            ||    29

Table legend: (Time is in decaauts)
 A = Elapsed time spent in this place.
 B = Non-inter-level travel time spent in this place.
 C = Inter-level travel time spent in this place.
 D = Time resting spent in this place.
 E = Time spent auto-exploring this place.
 F = Levels seen in this place.
 G = Mean time per level.
                   A        B        C        D        E       F      G
               +--------+--------+--------+--------+--------+-----+--------+
         Total |   1527 |   1321 |    206 |    319 |    844 |   2 |  763.5 |
       Dungeon |   1527 |   1321 |    206 |    319 |    844 |   2 |  763.5 |
               +--------+--------+--------+--------+--------+-----+--------+

Top non-repeatable levels by time:
     D:1: 1433 daAuts
     D:2: 94 daAuts
